 Dungeon Crawl Stone Soup version 0.22-a0-160-gcc81d7a (webtiles) character file.

162 theanonym the Cudgeler (level 5, -2/42 HPs)
             Began as a Mummy Chaos Knight on Feb 10, 2018.
             Killed by divine providence
             ... invoked by an orc priest
              (13 damage)
             ... on level 3 of the Dungeon.
             The game lasted 00:05:27 (2103 turns).

theanonym the Cudgeler (Mummy Chaos Knight)         Turns: 2103, Time: 00:05:28

Health: -2/42      AC:  8    Str: 17    XL:     5   Next: 19%
Magic:  5/5        EV:  5    Int: 11    God:    Xom [.*....]
Gold:   101        SH: 11    Dex: 11    Spells: 4/4 levels left

rFire    x . .     SeeInvis .   a - +0 mace (chaos)
rCold    + . .     Gourm    .   i - +0 large shield
rNeg     + + +     Faith    .   e - +0 ring mail (curse)
rPois    ∞         Spirit   .   (no helmet)
rElec    .         Reflect  .   (no cloak)
rCorr    +         Harm     .   (no gloves)
MR       .....                  l - +2 pair of boots {Fly} {god gift}
Stlth    +.........             (no amulet)
HPRegen  0.14/turn              h - ring of resist corrosion
MPRegen  0.09/turn              j - ring of flight

@: flying
A: no food or potions, fire vulnerability, cold resistance 1, negative energy
resistance 3, torment resistance, unbreathing
a: Renounce Religion, Stop Flying


Innate Abilities, Weirdness & Mutations

You do not eat or drink.
Your flesh is vulnerable to fire.
You are immune to poison.
Your flesh is cold resistant. (rC+)
You are immune to negative energy. (rN+++)
You are immune to unholy pain and torment.
You can survive without breathing.


   Skills:
 + Level 4.1 Fighting
 * Level 4.2 Maces & Flails
 - Level 1.5 Armour
 - Level 0.7 Dodging


You had 4 spell levels left.
You didn't know any spells.

Skill      XL: |  1  2  3  4 |
---------------+-------------+-----
Maces & Flails | 3 4 |  4.2
Fighting       | 4 |  4.1
Armour         | |  1.5
Dodging        | |  0.7

Action                   |  1- 3 |  4- 6 || total
-------------------------+-------+-------++-------
Melee: Mace              |   104 |   107 ||   211
  Use: Scroll            |       |     7 ||     7
 Stab: Petrified         |     1 |       ||     1
       Petrifying        |     1 |       ||     1
Armor: Leather armour    |    13 |       ||    13
       Ring mail         |    35 |    54 ||    89
Dodge: Dodged            |    53 |    17 ||    70
Block: Large shield      |    43 |    64 ||   107

Inventory:

Hand Weapons
 a - a +0 mace of chaos (weapon)
Armour
 b - a +2 leather armour
 e - a cursed +0 ring mail (worn)
   (You found it on level 1 of the Dungeon)
 i - a +0 large shield (worn)
   (You found it on level 2 of the Dungeon)
 l - a +2 pair of boots of flying (worn) {god gift}
   (Xom gifted it to you on level 2 of the Dungeon)
Jewellery
 d - an uncursed ring of ice
   (You found it on level 1 of the Dungeon)
 h - a ring of resist corrosion (left hand)
   (You found it on level 1 of the Dungeon)
 j - a ring of flight (right hand)
   (You found it on level 2 of the Dungeon)
Scrolls
 y - a scroll of magic mapping


You were on level 3 of the Dungeon.
You worshipped Xom.
You were a plaything of Xom.
You were not hungry.

You visited 1 branch of the dungeon, and saw 3 of its levels.

You collected 101 gold pieces.

Dungeon Overview and Level Annotations

Branches:
Dungeon (3/15)

Altars:
Ashenzari
Cheibriados
Trog
Uskayaw
The Shining One

.......## ####...##.## .....#..##
#......#..# #######..#
*,*#.....## # ##o# ##,##....##
#*#****#(# #..##.)..# #....,*#.#
########.###(...#
.......#.#####........#....#.## #
..............................###
........#.ow....@.....#)#......##
........######..........#......##
........* #...o....###.......#
........* #......!.# #!....#).
....>...* #........#*#######..
.....).#*** #........#*.........
.,,,,,,,,,** #........#*.#####.)#
.,,******,,**#.........,,#......#
,*,* **,,...##....[,,...####.#


You could see a worm, an orc priest and an orc.

Notes
Turn   | Place    | Note
-------+----------+-------------------------------------------
     0 | D:1      | theanonym the Mummy Chaos Knight began the quest for the Orb.
     0 | D:1      | Reached XP level 1. HP: 18/18 MP: 1/1
     2 | D:1      | Noticed a human
     2 | D:1      | Noticed a centaur
     6 | D:1      | Noticed a troll
     6 | D:1      | Noticed an elf
     8 | D:1      | Noticed a draconian
     8 | D:1      | Noticed an ogre
    10 | D:1      | Noticed a spriggan
    10 | D:1      | Noticed a merfolk
    12 | D:1      | Noticed a felid
    14 | D:1      | Noticed an octopode
    14 | D:1      | Noticed a vine stalker
    16 | D:1      | Noticed a ghoul
    16 | D:1      | Noticed a halfling
    18 | D:1      | Noticed a demonspawn
    18 | D:1      | Noticed a gargoyle
    20 | D:1      | Noticed a demigod
    20 | D:1      | Noticed a vampire
    22 | D:1      | Noticed a minotaur
    24 | D:1      | Noticed a formicid
    24 | D:1      | Noticed a naga
    26 | D:1      | Noticed a dwarf
    26 | D:1      | Noticed a tengu
   106 | D:1      | Reached XP level 2. HP: 24/24 MP: 2/2
   344 | D:1      | Reached skill level 3 in Maces & Flails
   657 | D:2      | XOM: harmless Fire miscast
   660 | D:2      | Reached XP level 3. HP: 22/29 MP: 3/3
   868 | D:2      | XOM: harmless Tloc miscast
   874 | D:2      | HP: 13/29 [adder (3)]
   879 | D:2      | HP: 4/29 [adder (4)]
  1036 | D:2      | XOM: god gift: pair of glowing boots {god gift}
  1338 | D:2      | Reached XP level 4. HP: 35/37 MP: 4/4
  1411 | D:2      | Found a bloodstained altar of Trog.
  1516 | D:2      | Found a glowing golden altar of the Shining One.
  1850 | D:3      | Noticed an ogre
  1855 | D:3      | XOM: harmless Tloc miscast
  1856 | D:3      | XOM: summons 2 friendly demons
  1864 | D:3      | Killed an ogre
  1864 | D:3      | Reached skill level 4 in Fighting
  1864 | D:3      | Reached skill level 4 in Maces & Flails
  1898 | D:3      | XOM: mild Ice miscast
  1923 | D:3      | Found a hide-covered altar of Uskayaw.
  1965 | D:3      | Found a shattered altar of Ashenzari.
  1977 | D:3      | Reached XP level 5. HP: 35/42 MP: 5/5
  2012 | D:3      | HP: 16/42 [orc priest/divine providence (15)]
  2019 | D:3      | Found a snail-covered altar of Cheibriados.
  2027 | D:3      | HP: 15/42 [adder (3)]
  2040 | D:3      | HP: 14/42 [adder (1)]
  2047 | D:3      | HP: 14/42 [orc/whip (4)]
  2056 | D:3      | HP: 12/42 [orc/dagger (3)]
  2065 | D:3      | HP: 10/42 [something (4)]
  2091 | D:3      | HP: 13/42 [orc/stone (1)]
  2103 | D:3      | Killed from afar by an orc priest

Vanquished Creatures
  5 adders
  4 dart slugs
  A leopard gecko (D:2)
  6 orcs (D:3)
  6 giant cockroaches
  4 hobgoblins
  6 kobolds
  A ball python (D:1)
  10 bats
  4 frilled lizards
  6 goblins
  7 rats
60 creatures vanquished.

Vanquished Creatures (collateral kills)
  An ogre (D:3)
  A goblin (D:3)
2 creatures vanquished.

Grand Total: 62 creatures vanquished

Table legend:
 A = Turns spent in this place as a percentage of turns spent in the entire game.
 B = Non-inter-level travel turns spent in this place as a percentage of non-inter-level travel turns spent in the entire game.
 C = Inter-level travel turns spent in this place as a percentage of turns spent in this place.
 D = Turns resting spent in this place as a percentage of non-inter-level travel turns spent in this place.
 E = Turns spent auto-exploring this place as a percentage of non-inter-level travel turns spent in this place.
 F = Non-inter-level travel turns spent in this place divided by the number of levels of this place that you've seen.
                   A       B       C       D       E      F
               +-------+-------+-------+-------+-------+----------------------
         Total | 100.0 | 100.0 |   3.1 |  17.2 |  60.9 | 679.3
       Dungeon | 100.0 | 100.0 |   3.1 |  17.2 |  60.9 | 679.3
               +-------+-------+-------+-------+-------+----------------------
